 Dungeon Crawl Stone Soup version 0.32-a0-791-gfc315c9ecd (webtiles) character file.

Game seed: 3652111425583530541

765 Esekla the Covert (level 7, 0/48 HPs)
             Began as an Octopode Delver on Mar 20, 2024.
             Was an Initiate of Gozag.
             Killed by divine providence
             ... invoked by an orc priest
              (17 damage)
             ... on level 6 of the Dungeon.
             The game lasted 00:23:41 (3676 turns).

Esekla the Covert (Octopode Delver)                 Turns: 3676, Time: 00:23:42

Health: 0/48       AC:  1    Str: 12    XL:     7   Next: 81%
Magic:  10/10      EV: 13    Int: 14    God:    Gozag
Gold:   954        SH:  0    Dex: 13    Spells: 11/11 levels left

rFire   . . .        s - +2 dagger (venom)
rCold   . . .        (no shield)
rNeg    . . .        (helmet restricted)
rPois   .            (no amulet)
rElec   .            u - +4 ring of slaying
rCorr   .            t - ring of see invisible
SInv    +            (no ring)
Will    .....        (no ring)
Stlth   +++++        (no ring)
HPRegen 0.28/turn    (no ring)
MPRegen 0.12/turn    (no ring)
                     (no ring)

%: no passive effects
@: lethally poisoned (0 -> -16)
A: almost no armour, amphibious, 8 rings, camouflage 1, gelatinous body 1,
(nimble swimmer 1), tentacles
a: Renounce Religion, Potion Petition, Call Merchant, Bribe Branch


You were on level 6 of the Dungeon.
You worshipped Gozag.
Gozag was pleased with you.
You visited 2 branches of the dungeon, and saw 7 of its levels.

You collected 958 gold pieces.
You paid 4 gold pieces to Gozag.

Inventory:

Hand Weapons
 a - a +0 long sword
 r - a +0 spear of venom
 s - a +2 dagger of venom (weapon)
Jewellery
 t - a ring of see invisible (right tentacle)
 u - a +4 ring of slaying (left tentacle)
Wands
 f - a wand of digging (3)
 q - a wand of mindburst (18)
 y - a wand of charming (4)
Scrolls
 b - 3 scrolls of fog
 c - 3 scrolls of teleportation {unknown}
 j - 3 scrolls of identify {unknown}
 n - a scroll of fear
 o - a scroll of enchant weapon {unknown}
 v - 2 scrolls of blinking {unknown}
 w - a scroll of revelation
 x - a scroll of silence {unknown}
 A - a scroll of enchant armour {unknown}
Potions
 d - 4 potions of mutation {unknown}
 e - a potion of haste
 g - 4 potions of heal wounds {unknown}
 h - 2 potions of lignification {unknown}
 i - a potion of magic {unknown}
 k - 4 potions of brilliance {unknown}
 l - 3 potions of degeneration {unknown}
 m - 3 potions of curing {unknown}
 p - a potion of might {unknown}
 z - a potion of invisibility {unknown}


   Skills:
 * Level 4.2 Fighting
 + Level 1.2(2.4) Short Blades
 + Level 3.3(3.4) Long Blades
 * Level 3.2 Dodging
 + Level 9.5 Stealth
 * Level 2.6 Spellcasting
 * Level 2.0 Conjurations
 * Level 1.9 Fire Magic


You had 11 spell levels left.
You didn't know any spells.
Your spell library contained the following spells:

 Spells                   Type           Power      Damage    Failure   Level
 Call Canine Familiar     Summ           1%         N/A       56%         3
 Sigil of Binding         Hex            1%         N/A       56%         3
 Cause Fear               Hex            0%         N/A       92%         4
 Dimensional Bullseye     Hex/Tloc       0%         N/A       92%         4
 Fireball                 Conj/Fire      3%         3d4       95%         5
 Dragon's Call            Summ           0%         N/A       100%        9


Dungeon Overview and Level Annotations

Branches:
Dungeon (6/15)             Temple (1/1) D:5

Altars:
Ashenzari
Cheibriados
Dithmenos
Elyvilon
Fedhas
Gozag
Kikubaaqudgha
Makhleb
Nemelex Xobeh
Okawaru
Ru
Trog
Uskayaw
Vehumet
Wu Jian
Xom
Yredelemnul
Zin

Annotations:
D:5 dig 4 gold


Innate Abilities, Weirdness & Mutations

You cannot wear most types of armour.
You are amphibious.
You can wear up to eight rings at the same time.
Your skin changes colour to match your surroundings (Stealth+).
Your rubbery body absorbs attacks. (AC +1, EV +1)
((You are camouflaged when in or above water. (Stealth+)))
You have tentacles for arms and can constrict up to eight enemies at once.


Message History

Found a stone staircase leading down.
There is a stone staircase leading down here.
Found a stone staircase leading up.
A black bear comes into view.
A bombardier beetle comes into view.
Found a stone staircase leading up.
An orc comes into view. It is wielding a +0 whip.
The helpless black bear fails to defend itself.
You stick the black bear like a pincushion!!!
You kill the black bear!
Your Conjurations skill increases to level 2!
The helpless bombardier beetle fails to defend itself.
You spit the bombardier beetle like a pig!!!
You kill the bombardier beetle!
You now have 954 gold pieces (gained 4).
A water moccasin comes into view.
An orc comes into view. It is wielding a +0 dagger.
An orc priest and 2 orcs come into view.
The orc priest shouts!
The orc shouts! x2
You open the door.
The water moccasin hisses angrily.
There is an open door here.
The orc attacks as it pursues you! The orc hits you with a +0 dagger.
The orc attacks as it pursues you! The orc hits you with a +0 dagger.
The orc throws a boomerang.
The boomerang hits you.
The orc throws a boomerang.
The boomerang misses you. The orc closely misses you.
The orc priest hits you from afar with a +0 trident!
The orc attacks as it pursues you! The orc hits you with a +0 short sword.
The orc priest attacks as it pursues you!
The orc priest misses you.
There is a stone staircase leading up here.
The water moccasin bites you! The orc barely misses you.
The water moccasin bites you!
You are poisoned.
The water moccasin poisons you!
The orc priest calls down the wrath of Beogh upon you.
Beogh smites you!
You die...
Your body crumbles into a pile of gold.

........#.# #..>.....#
........#'########.######
................##.#
................##.#
.........o......##.#
................##.#
...........oo...##.#
.......<..oSo...##.#
........#+#@.......#
....... #........# ...
#.######.# #.# #.# #.#
#.# #.# #.# #.# #.# #.#
.#


You could see a water moccasin, an orc priest and 4 orcs.

Vanquished Creatures
  An orc warrior (D:6)
  A black bear (D:6)
  A howler monkey (D:4)
  2 bombardier beetles
  An orc priest (D:4)
  3 orc wizards (D:4)
  6 iguanas
  9 adders
  4 ufetubi
  5 dart slugs
  12 orcs
  8 bats
  8 endoplasms
  A giant cockroach (D:3)
  14 goblins
  7 hobgoblins
  3 kobolds
  7 quokkas
  5 ball pythons
  A frilled lizard (D:1)
  4 rats
103 creatures vanquished.

Notes
Turn   | Place    | Note
-------+----------+-------------------------------------------
     0 | D:5      | Esekla the Octopode Delver began the quest for the Orb.
     0 | D:5      | Reached XP level 1. HP: 16/16 MP: 1/1
    59 | D:5      | Found a staircase to the Ecumenical Temple.
    70 | Temple   | Entered the Ecumenical Temple
   176 | D:5      | Found an opulent altar of Gozag.
   182 | D:5      | Became a worshipper of Gozag Ym Sagoz the Greedy
   259 | D:4      | Noticed an iguana
   324 | D:4      | Reached XP level 2. HP: 18/21 MP: 2/2
   400 | D:4      | Found a shadowy altar of Dithmenos.
   402 | D:4      | Found a hide-covered altar of Uskayaw.
   421 | D:4      | Reached skill level 7 in Stealth
   429 | D:4      | Reached XP level 3. HP: 2/26 MP: 2/4
   637 | D:2      | Reached skill level 1 in Spellcasting
   637 | D:2      | Reached XP level 4. HP: 31/32 MP: 5/5
  1677 | D:2      | Found a shimmering altar of Xom.
  1909 | D:2      | Reached XP level 5. HP: 37/37 MP: 7/7
  2305 | D:3      | Reached skill level 8 in Stealth
  2576 | D:4      | Reached XP level 6. HP: 24/43 MP: 8/8
  2672 | D:4      | Reached skill level 1 in Fire Magic
  2686 | D:4      | Reached skill level 1 in Conjurations
  3225 | D:5      | Reached XP level 7. HP: 35/48 MP: 10/10
  3322 | D:5      | Found a glowing silver altar of Zin.
  3342 | D:5      | Reached skill level 1 in Short Blades
  3352 | D:5      | Reached skill level 9 in Stealth
  3448 | D:6      | Found a shimmering altar of Xom.
  3676 | D:6      | Killed from afar by an orc priest

Illustrated notes

Levels and vault maps discovered:
D:1:      dpeg_arrival_chambers_temple_mockup, layout_loops_cross
D:2:      layout_loops_ring, basic_altar, minmay_misc_feat_room, fountainhead,
          minmay_small_reverse_x
D:3:      layout_basic, minmay_between
D:4:      layout_loops_ring, nicolae_overflow_squiral
D:5:      layout_basic, pdpol_temple_overflow_zin_treasury_gozag_greed,
          minmay_temple_entry_stoned_glass
D:6:      layout_basic, kennysheep_mini_moat, serial_corexii_hall,
          corexii_hall_statues_i, chequers_hall_statues_corner_a,
          lightli_minifort
Temple:   cyrus_circular_temple

Skill      XL: |  1  2  3  4  5  6  7 |
---------------+----------------------+-----
Stealth        | 7 8 9 |  9.5
Spellcasting   | 1 2 |  2.6
Fire Magic     | 1 |  1.9
Conjurations   | 1 2 |  2.0
Fighting       | 4 |  4.2
Long Blades    | 3 |  3.3
Short Blades   | 1 |  1.2
Dodging        | 3 |  3.2

Action                     |  1- 3 |  4- 6 |  7- 9 || total
---------------------------+-------+-------+-------++-------
  Melee: Falchion          |    11 |    38 |       ||    49
         Tentacles         |     6 |    19 |     1 ||    26
         Constrict         |     4 |    27 |     1 ||    32
         Dagger            |     4 |    50 |    12 ||    66
         Long sword        |       |    27 |       ||    27
  Evoke: Wand              |     1 |       |       ||     1
    Use: Scroll            |     2 |       |       ||     2
   Stab: Sleeping          |     4 |    30 |    10 ||    44
         Distracted        |       |     1 |       ||     1
 Armour: Skin              |    12 |    36 |     7 ||    55
  Dodge: Dodged            |     7 |    60 |     4 ||    71

Table legend: (Time is in decaauts)
 A = Elapsed time spent in this place.
 B = Non-inter-level travel time spent in this place.
 C = Inter-level travel time spent in this place.
 D = Time resting spent in this place.
 E = Time spent auto-exploring this place.
 F = Levels seen in this place.
 G = Mean time per level.
                   A        B        C        D        E       F      G
               +--------+--------+--------+--------+--------+-----+--------+
         Total |   3666 |   3577 |     89 |    247 |    707 |   7 |  523.7 |
       Dungeon |   3664 |   3575 |     89 |    247 |    707 |   6 |  610.7 |
        Temple |      1 |      1 |      0 |      0 |      0 |   1 |    1.0 |
               +--------+--------+--------+--------+--------+-----+--------+

Top non-repeatable levels by time:
     D:4: 792 daAuts
     D:1: 751 daAuts
     D:2: 711 daAuts
     D:3: 657 daAuts
     D:5: 449 daAuts
     D:6: 302 daAuts
  Temple: 1 daAuts
